 Dungeon Crawl Stone Soup version 0.30-a0-862-g1aabd4f9c5 (webtiles) character file.

Game seed: 3650002445595845078

192 ragingrage the Shooter (level 6, -7/63 (66) HPs)
             Began as a Formicid Hunter on Mar 9, 2023.
             Mangled by a wight
             ... wielding a +5 great sword
              (10 damage)
             ... on level 4 of the Dungeon.
             The game lasted 00:02:31 (3122 turns).

ragingrage the Shooter (Formicid Hunter)            Turns: 3122, Time: 00:02:32

HP:   -7/63 (66)    AC: 23    Str: 15    XL:     6   Next: 2%
MP:   0/6           EV:  2    Int:  9    God:
Gold: 193           SH:  0    Dex: 19    Spells: 5/5 levels left

rFire   . . .      SeeInvis .    a - +0 shortbow
rCold   . . .      Faith    .    (no shield)
rNeg    . . .      Spirit   +    c - melded +0 leather armour
rPois   +          Reflect  .    (helmet unavailable)
rElec   .          Rampage  .    (cloak currently unavailable)
rCorr   .                        (gloves currently unavailable)
Will    .....                    (boots currently unavailable)
Stlth   ++                       d - amulet of guardian spirit
HPRegen 0.30/turn                (no ring)
MPRegen 0.10/turn                (no ring)

@: tree-form, weak-willed, lightly drained, invisible
A: stationary, stasis, torment immunity, boosted hp, permanent stasis, dig
shafts and tunnels, (antennae 3), four strong arms
a: no special abilities


You were on level 4 of the Dungeon.
You were a tree.
You visited 1 branch of the dungeon, and saw 4 of its levels.

You collected 193 gold pieces.

Inventory:

Hand Weapons
 a - a +0 shortbow (weapon)
Missiles
 i - 2 throwing nets
Armour
 c - a +0 leather armour (melded)
 g - a scarf of repulsion
Jewellery
 d - an amulet of guardian spirit (around neck)
 l - the ring of Taoqoese {rF+ Dex+2}
   (You found it on level 2 of the Dungeon)

   [ring of protection from fire]

   Dex:       It affects your dexterity (+2).
   rF:        It protects you from fire.
Scrolls
 b - a scroll of immolation
 f - 3 scrolls of vulnerability
 h - a scroll of enchant weapon {unknown}
 j - a scroll of amnesia {unknown}
 o - 2 scrolls of teleportation {unknown}
 s - a scroll of blinking {unknown}
Potions
 k - a potion of curing {unknown}
 m - a potion of lignification
 n - a potion of invisibility
 p - a potion of might {unknown}
 q - a potion of ambrosia {unknown}
 r - 2 potions of haste {unknown}


   Skills:
 - Level 2.1 Fighting
 + Level 6.4 Ranged Weapons
 - Level 1.7 Dodging
 + Level 2.7 Stealth


You had 5 spell levels left.
You didn't know any spells.
Your spell library contained the following spells:

 Spells                   Type           Power      Damage    Failure   Level
 Cigotuvi's Dreadful Rot  Necr/Pois/Air  0%         N/A       52%         2
 Airstrike                Air            0%         2d(0-16)  99%         4
 Dispel Undead            Necr           0%         3d6       99%         4
 Summon Lightning Spire   Summ/Air       0%         N/A       99%         4
 Lightning Bolt           Conj/Air       0%         1d11      100%        5
 Death Channel            Necr           0%         N/A       100%        6


Dungeon Overview and Level Annotations

Branches:
Dungeon (4/15)
 Temple: D:4-7

Altars:
Wu Jian
The Shining One

Shops:
D:2 [

Annotations:
D:3 1 runed translucent door, Ghostmaker01's ghost, amateur GnHs
D:4 Eustachio; Menkaure


Innate Abilities, Weirdness & Mutations

You are a tree.
Your roots penetrate the ground, keeping you stationary.
You cannot be teleported.
You are immune to unholy pain and torment.
Your maximum health is greatly increased.
Your equipment is partially melded.
You cannot be hasted, slowed, berserked, paralysed or teleported.
You can dig through walls and to a lower floor.
((You have a pair of large antennae on your head. (SInv)))
Your four strong arms can wield two-handed weapons with a shield.


Message History

Aim: a wight, wielding a +0 morningstar and wearing a +0 robe (almost destroyed, 65% to hit)
You shoot an arrow. The arrow closely misses the wight.
The arrow hits the wight but does no damage.
The wight misses you.
Okay, then.
It was a potion of lignification.
You turn into a tree.
Your +0 leather armour melds into your body.
Your roots penetrate the ground.
The wight hits you with a +0 morningstar.
* * * LOW HITPOINT WARNING * * *
You feel drained.
* * * LOW HITPOINT WARNING * * *
The wight hits you with a +5 great sword.
* * * LOW HITPOINT WARNING * * *
You feel drained.
* * * LOW HITPOINT WARNING * * *
Unknown command.
Fire: a) +0 shortbow
Aim: a wight, wielding a +0 morningstar and wearing a +0 robe (almost destroyed, 65% to hit)
You shoot an arrow. The arrow hits the wight.
You destroy the wight!
The wight hits you but does no damage.
Your life force feels restored.
Your Stealth skill increases to level 2!
You have reached level 6!
Unknown command.
You aren't carrying any items that you can evoke.
As you read the scroll labelled RUIDDE HYBEQ, it crumbles to dust.
Magic quickly surges around you.
It was a scroll of vulnerability.
The wight hits you with a +5 great sword.
* * * LOW HITPOINT WARNING * * *
You feel drained.
* * * LOW HITPOINT WARNING * * *
As you read the scroll labelled XIHOGO JOFFY, it crumbles to dust.
It is a scroll of identify.
n - 2 potions of invisibility The wight hits you but does no damage.
You fade into invisibility!
The wight hits you with a +5 great sword!
You die...

.#
...≈≈..≈≈..#####.####....##
.##...≈≈......# ##.# ######
..##.........## #..# #.#
##.....### #.##
#.#########..### #.# #
#..............###.# ##
####............#.## #.
##...............## #.
##..............♣..## #.
...............zz#..## #.
..................#..### #.
..................###..###
#. ..)...............#
##...#### #.
..................#
#......#####
............##.....#
#...#......#
............########
#....####... .........#.##
#....# ####


You could see 2 wights.

Vanquished Creatures
  A wight (D:4)
  5 adders
  An ufetubus (D:3)
  A worm (D:2)
  5 dart slugs
  8 bats
  8 endoplasms
  9 hobgoblins
  3 jackals (D:1)
  2 quokkas (D:1)
  11 ball pythons
  A frilled lizard (D:3)
  8 goblins
  4 kobolds
  8 rats
75 creatures vanquished.

Notes
Turn   | Place    | Note
-------+----------+-------------------------------------------
     0 | D:1      | ragingrage the Formicid Hunter began the quest for the Orb.
     0 | D:1      | Reached XP level 1. HP: 16/16 MP: 1/1
   104 | D:1      | Reached XP level 2. HP: 22/22 MP: 2/2
   292 | D:1      | Reached XP level 3. HP: 25/27 MP: 1/3
   479 | D:1      | Reached skill level 5 in Ranged Weapons
   653 | D:1      | Found a faded altar of an unknown god.
   971 | D:2      | Identified the ring of Taoqoese {rF+ Dex+2}
   986 | D:2      | Reached XP level 4. HP: 33/33 MP: 4/4
  1034 | D:2      | Found Pywilan's Armour Shop.
  1726 | D:3      | Found a runed translucent door.
  1730 | D:3      | Noticed Ghostmaker01's ghost (amateur GnHs)
  1957 | D:3      | Reached skill level 6 in Ranged Weapons
  1957 | D:3      | Reached XP level 5. HP: 38/38 MP: 5/5
  2593 | D:4      | Noticed Menkaure
  2610 | D:4      | Found an ornate altar of the Wu Jian Council.
  2707 | D:4      | Found a glowing golden altar of the Shining One.
  3071 | D:4      | Noticed Eustachio
  3120 | D:4      | Reached XP level 6. HP: 7/44 MP: 1/6
  3120 | D:4      | HP: 2/63 [wight/+5 great sword (2)]
  3122 | D:4      | Mangled by a wight

Illustrated notes

Levels and vault maps discovered:
D:1:      scummos_arrival_simple_crosswalls, layout_basic,
          shapermc_ecumenical_altar_mp_vishouse
D:2:      layout_basic, serial_shops, shop, supply_closet_lemuel,
          kennysheep_minor_cross
D:3:      layout_loops_corners, ebering_ghost_inner_flame, st_stairs_4,
          kennysheep_big_empty_room
D:4:      layout_cave_pods, mainiacjoe_overflow_boulevard,
          nicolae_wu_jian_wuxing_cycle, uniq_eustachio, uniq_menkaure

Skill      XL: |  1  2  3  4  5 |
---------------+----------------+-----
Ranged Weapons | 5 6 |  6.4
Stealth        | 2 |  2.7
Fighting       | |  2.1
Dodging        | |  1.7

Action                     |  1- 3 |  4- 6 || total
---------------------------+-------+-------++-------
   Fire: Shortbow          |    85 |   119 ||   204
Ability: Dig               |     2 |       ||     2
    Use: Potion            |       |     2 ||     2
         Scroll            |       |     2 ||     2
 Armour: Leather armour    |    12 |    10 ||    22
         Skin              |       |     2 ||     2
  Dodge: Dodged            |    24 |    31 ||    55

Table legend: (Time is in decaauts)
 A = Elapsed time spent in this place.
 B = Non-inter-level travel time spent in this place.
 C = Inter-level travel time spent in this place.
 D = Time resting spent in this place.
 E = Time spent auto-exploring this place.
 F = Levels seen in this place.
 G = Mean time per level.
                   A        B        C        D        E       F      G
               +--------+--------+--------+--------+--------+-----+--------+
         Total |   3176 |   3025 |    151 |    336 |   2245 |   4 |  794.0 |
       Dungeon |   3176 |   3025 |    151 |    336 |   2245 |   4 |  794.0 |
               +--------+--------+--------+--------+--------+-----+--------+

Top non-repeatable levels by time:
     D:3: 1067 daAuts
     D:1: 854 daAuts
     D:2: 649 daAuts
     D:4: 605 daAuts
